[Event "*** Titled Tuesday Blitz"]
[Site "Chess.com"]
[Date "2019.02.05"]
[Round "6"]
[White "Vadim_Biliy"]
[Black "Zarikovs1999"]
[Result "0-1"]
[WhiteElo "2111"]
[BlackElo "2299"]
[TimeControl "180+2"]
[EndTime "14:22:45 PST"]
[Termination "Zarikovs1999 won by resignation"]

1. e4 c5 2. c3 Nf6 3. d3 Nc6 4. Nf3 g6 5. h3 Bg7 6. Be2 O-O 7. O-O d5 8. Qc2 Qc7 9. Re1 e5 10. Nbd2 b6 11. Nf1 Bb7 12. Ne3 Rad8 13. Ng4 Nxg4 14. hxg4 f5 15. gxf5 gxf5 16. Ng5 Qe7 17. exd5 Rxd5 18.
Bf3 Rd6 19. g3 Rg6 20. Bd5+ Kh8 21. Nf3 Nb4 22. cxb4 Bxd5 23. Qe2 f4 24. Bxf4 Rxf4 25.
Nxe5 Bxe5 26. Qxe5+ Qxe5 27. Rxe5 Rd4 28. bxc5 bxc5 29.
Re3 h5 30. Kf1 h4 31. gxh4 Rxh4 32. Ke2 Kh7 33. Rc1 c4 34. dxc4 Bxc4+ 35. Kd2 Rf6 36. f3 Rd6+ 37. Kc3 Bxa2 38. b3 Rc6+ 39. Kb2 Rh2+ 0-1

[Event "*** Titled Tuesday Blitz"]
[Site "Chess.com"]
[Date "2019.02.05"]
[Round "6"]
[White "MasterKroket"]
[Black "mousavian_hamed"]
[Result "0-1"]
[WhiteElo "2390"]
[BlackElo "2564"]
[TimeControl "180+2"]
[EndTime "14:22:46 PST"]
[Termination "mousavian_hamed won by resignation"]

1. d4 Nf6 2. c4 e6 3. Nc3 c5 4. d5 exd5 5. cxd5 d6 6. e4 g6 7.
Nf3 Bg7 8. h3 O-O 9. Bd3 b5 10.
Bxb5 Nxe4 11. Nxe4 Qa5+ 12. Nfd2 Qxb5 13. Nxd6 Qa6 14.
N2c4 Nd7 15. O-O Nb6 16. Nxc8 Nxc4 17. Ne7+ Kh8 18. Qd3 Rad8 19. Rb1 Rfe8 20. b3 Rxe7 21. bxc4 Qxa2 22. Bg5 f6 23. Be3 Rc7 24. d6 Rc6 25. Rb7 Rcxd6 26. Qe4 Qa4 27. Bxc5 R6d7 28. Rfb1 f5 29. Qe6 Rxb7 30. Rxb7 a5 31. Qe7 Qa1+ 32. Kh2 Qe5+ 33. g3 Rc8 34. Bd6 Qxe7 35. Bxe7 Bd4 36.
c5 a4 37. Ra7 Bxf2 38. Rxa4 Bxc5 39. Rc4 Bg1+ 40. Kxg1 Rxc4 0-1

[Event "*** Titled Tuesday Blitz"]
[Site "Chess.com"]
[Date "2019.02.05"]
[Round "6"]
[White "HajiyevKanan"]
[Black "JosefineHeinemann"]
[Result "0-1"]
[WhiteElo "2338"]
[BlackElo "2403"]
[TimeControl "180+2"]
[EndTime "14:22:49 PST"]
[Termination "JosefineHeinemann won by resignation"]

1. d4 Nf6 2. Nf3 g6 3. g3 Bg7 4. Bg2 O-O 5. O-O d5 6. c4 dxc4 7.
Na3 c3 8. bxc3 c5 9. Nc4 Nc6 10. Bb2 Rb8 11. a4 Be6 12. Ne3 Qd7 13. Re1 Rfd8 14.
Ng5 Nd5 15. Nxe6 Nxe3 16. fxe3 Qxe6 17. Qd3 Ne5 18. Qe4 f5 19. Qf4 Nc4 20. Bc1 Nd6 21. Rb1 b6 22. Ba3 c4 23. d5 Qe5 24. Bxd6 Rxd6 25.
Qxc4 Qxe3+ 26. Kh1 Qxc3 27. Qxc3 Bxc3 28. Rec1 Bf6 29.
Rc6 Kf7 30. a5 b5 31. a6 b4 32. Rb3 Ke8 33. Kg1 Kd7 34. Kf1 Rxc6 35. dxc6+ Kc7 36. Ke1 Bc3+ 37. Kd1 Rb6 38. Kc2 Rxa6 39. Kd3 Ra2 40. h4 Rd2+ 41. Ke3 Rd1 42. h5 a5 43. h6 a4 44. Rxc3 bxc3 45. Be4 fxe4 0-1

[Event "*** Titled Tuesday Blitz"]
[Site "Chess.com"]
[Date "2019.02.05"]
[Round "6"]
[White "albi1999"]
[Black "SCIM"]
[Result "1-0"]
[WhiteElo "2499"]
[BlackElo "2401"]
[TimeControl "180+2"]
[EndTime "14:22:50 PST"]
[Termination "albi1999 won on time"]

1. d4 Nf6 2. c4 g6 3. g3 Bg7 4. Bg2 c6 5. e4 O-O 6. Nc3 d6 7. Nge2 Nbd7 8. O-O e5 9. h3 Re8 10. Be3 exd4 11. Nxd4 Nc5 12. Qc2 Bd7 13. Nb3 Qe7 14.
Nxc5 dxc5 15. Rfe1 Be6 16. b3 b6 17. Rad1 Rad8 18.
Kh2 h5 19. Qc1 Nd7 20. f4 h4 21. g4 Nf8 22. Rxd8 Rxd8 23. e5 Bd7 24. Ne4 Ne6 25.
Kh1 Nd4 26. Bf2 Be8 27. Qc3 Ne6 28. f5 Nf4 29. f6 Qe6 30. fxg7 Rd3 31. Nf6+ Kxg7 32.
Qc1 Nxh3 33. Be3 1-0

[Event "*** Titled Tuesday Blitz"]
[Site "Chess.com"]
[Date "2019.02.05"]
[Round "6"]
[White "Samuray111"]
[Black "MehdiHosseinipour"]
[Result "1-0"]
[WhiteElo "2598"]
[BlackElo "2519"]
[TimeControl "180+2"]
[EndTime "14:22:57 PST"]
[Termination "Samuray111 won by resignation"]

1. Nf3 c5 2. e4 d6 3. Bb5+ Bd7 4.
Bxd7+ Nxd7 5. O-O Ngf6 6. Qe2 e6 7. b3 Be7 8. Bb2 O-O 9. c4 a6 10. Nc3 Rc8 11. Rac1 Qa5 12. Ne1 Rfe8 13. Nc2 Bf8 14. f4 Nb8 15. d4 cxd4 16. Nxd4 Nc6 17. Nxc6 Rxc6 18. Kh1 Nd7 19. Rf3 g6 20. Rd3 Qc7 21. Rcd1 b6 22. e5 Nc5 23. exd6 Bxd6 24. Ne4 Nxe4 25. Qxe4 e5 26. fxe5 Bxe5 27. Rd7 Rce6 28. Rxc7 Bxc7 29. Qb1 Re2 30. Bc3 Be5 31. Bxe5 R8xe5 32. h3 Rg5 33. Qa1 Re8 34. Qf6 Rf5 35. Qxb6 1-0

[Event "*** Titled Tuesday Blitz"]
[Site "Chess.com"]
[Date "2019.02.05"]
[Round "6"]
[White "Caterpiller35"]
[Black "WorldChampionBulletChess"]
[Result "1-0"]
[WhiteElo "2248"]
[BlackElo "2094"]
[TimeControl "180+2"]
[EndTime "14:22:58 PST"]
[Termination "Caterpiller35 won by resignation"]

1. d4 d5 2. Bf4 c6 3. e3 Nf6 4. c4 e6 5. Nc3 Bd6 6. Bg3 O-O 7. Bd3 dxc4 8. Bxc4 b5 9. Bd3 b4 10.
Ne4 Nxe4 11. Bxe4 f5 12. Bd3 f4 13. Bxf4 Bxf4 14. exf4 Rxf4 15. Ne2 Rf6 16. O-O Bb7 17. Rc1 Nd7 18. Ng3 Nb6 19. Ne4 Rf8 20. Nc5 Qc8 21. Re1 Nd5 22. Nxe6 Rf6 23. Nc5 Nf4 24. Be4 Ba6 25. d5 cxd5 26. Bxd5+ Nxd5 27.
Qxd5+ Kh8 28. Nxa6 1-0

[Event "*** Titled Tuesday Blitz"]
[Site "Chess.com"]
[Date "2019.02.05"]
[Round "6"]
[White "TheBigBoss04"]
[Black "AlexTriapishko"]
[Result "0-1"]
[WhiteElo "2545"]
[BlackElo "2758"]
[TimeControl "180+2"]
[EndTime "14:23:00 PST"]
[Termination "AlexTriapishko won by resignation"]

1. b3 Nf6 2. Bb2 g6 3. g3 Bg7 4. Bg2 O-O 5. c4 c5 6. Nc3 d6 7. e3 Nc6 8. Nge2 Ne5 9. d4 Nc6 10. O-O Qa5 11. d5 Nb4 12. Qd2 Bd7 13. Rfd1 Rab8 14.
a3 Na6 15. Nb5 Qxd2 16. Rxd2 Bxb5 17. cxb5 Nc7 18. a4 Nd7 19. Bxg7 Kxg7 20. Rc1 a6 21. Nc3 axb5 22. axb5 Ra8 23. Bf1 Ra3 24. Rb2 Nb6 25. Bc4 Rfa8 26. Kg2 f5 27. h4 Kf6 28.
Rcc2 Ra1 29. Rd2 R8a3 30. Nb1 Ra5 31. Nc3 Rc1 32. Rbc2 Raa1 33. Rxc1 Rxc1 34. Ne2 Nxc4 35. bxc4 Rxc4 36. b6 Na8 37. Ra2 Nxb6 38. Ra7 Nxd5 39. Rxb7 Rb4 40. Ra7 Rb2 41. Kf3 e5 42. Nc1 e4+ 43.
Kg2 Nxe3+ 0-1

[Event "*** Titled Tuesday Blitz"]
[Site "Chess.com"]
[Date "2019.02.05"]
[Round "6"]
[White "josmito10"]
[Black "Tolya2"]
[Result "1-0"]
[WhiteElo "2739"]
[BlackElo "2530"]
[TimeControl "180+2"]
[EndTime "14:23:00 PST"]
[Termination "josmito10 won by resignation"]

1. b3 e5 2. Bb2 Nc6 3. e3 g6 4. c4 Bg7 5. Nc3 Nge7 6. g3 O-O 7. Bg2 d6 8. Nge2 f5 9. O-O Be6 10. Nd5 e4 11. Bxg7 Kxg7 12. d3 exd3 13. Nef4 Bf7 14. Qxd3 Ne5 15. Qc3 Nxd5 16. Bxd5 Qf6 17. Rac1 c6 18.
Bxf7 Rxf7 19. Rfd1 Rd7 20. Kg2 Rad8 21. Rd2 Ng4 22. Ne6+ Kf7 23. Qxf6+ Nxf6 24. Nxd8+ Rxd8 25. Rcd1 Ke6 26. f3 a5 27. Kf2 b6 28. Ke2 Rd7 29. Rd4 d5 30. cxd5+ Nxd5 31. Kf2 Re7 32. e4 fxe4 33.
Rxe4+ Kf6 34. Rxe7 Kxe7 35. f4 Ke6 36. Kf3 b5 37. g4 Nb4 38. Rd2 c5 39. h4 c4 40.
bxc4 bxc4 41. Rd4 c3 42. Rc4 Nxa2 43. Ke4 Kd6 44. Kd4 Ke6 45. Rc6+ Kd7 46. Rc4 a4 47.
Kd3 Kd6 48. Rxa4 Nc1+ 49. Kxc3 Ne2+ 50. Kd2 Ng3 51. Ke3 Kd5 52. Ra5+ Ke6 53. Kf3 Nf1 54. Ra7 h5 55. Ra6+ Kf7 56. gxh5 gxh5 57. Ra2 Kg6 58.
Rf2 1-0

[Event "*** Titled Tuesday Blitz"]
[Site "Chess.com"]
[Date "2019.02.05"]
[Round "6"]
[White "ChristopherYoo"]
[Black "Ekko_li"]
[Result "1-0"]
[WhiteElo "2662"]
[BlackElo "2472"]
[TimeControl "180+2"]
[EndTime "14:23:02 PST"]
[Termination "ChristopherYoo won by resignation"]

1. e4 d6 2. d4 Nf6 3. Nc3 g6 4. f4 Bg7 5. Nf3 O-O 6. Bd3 Na6 7.
O-O c5 8. d5 Bg4 9. a3 Nc7 10.
h3 Bxf3 11. Qxf3 e6 12. dxe6 fxe6 13. Be3 b6 14. Bf2 Qe8 15. g4 Qc6 16. Qe2 d5 17. exd5 exd5 18. Qf3 Rae8 19. Rae1 Nd7 20. Rxe8 Rxe8 21.
Rd1 Bxc3 22. bxc3 Qf6 23. c4 Ne5 24. Qg3 Nxc4 25. Bxc4 dxc4 26. f5 Rd8 27. Re1 Nd5 28. Re6 Qc3 29. Qh4 Qa1+ 30. Kh2 Rf8 31. fxg6 Qg7 32.
gxh7+ Qxh7 33. Qg5+ Qg7 34. Rg6 Rxf2+ 35. Kg1 1-0

[Event "*** Titled Tuesday Blitz"]
[Site "Chess.com"]
[Date "2019.02.05"]
[Round "6"]
[White "RojonR"]
[Black "xberli"]
[Result "0-1"]
[WhiteElo "2494"]
[BlackElo "2544"]
[TimeControl "180+2"]
[EndTime "14:23:08 PST"]
[Termination "xberli won by resignation"]

1. e4 c5 2. Nf3 d6 3. Bb5+ Nd7 4. c3 a6 5. Ba4 Nf6 6. Bc2 Qc7 7. d4 e5 8. O-O Be7 9. Nbd2 O-O 10. Nc4 Re8 11.
Ne3 Bf8 12. dxe5 dxe5 13. Nf5 b5 14. Qe2 Bb7 15. Bg5 h6 16. Bh4 Kh7 17. Rad1 g6 18.
Ne3 Bg7 19. c4 Nxe4 20. cxb5 axb5 21. Qxb5 Bc6 22. Qc4 Nb6 23. Qe2 f5 24. h3 Rxa2 25.
Bb3 Ra7 26. Nd5 Nxd5 27. Bxd5 Bxd5 28. Rxd5 g5 29. Bxg5 Qf7 30. Bc1 Qxd5 31. Rd1 Qf7 0-1

[Event "*** Titled Tuesday Blitz"]
[Site "Chess.com"]
[Date "2019.02.05"]
[Round "6"]
[White "Gabrielian_Artur"]
[Black "Al_Shima"]
[Result "0-1"]
[WhiteElo "2724"]
[BlackElo "2530"]
[TimeControl "180+2"]
[EndTime "14:23:10 PST"]
[Termination "Al_Shima won by checkmate"]

1. e4 d5 2. exd5 Nf6 3. Nf3 Nxd5 4. d4 Bf5 5. Bd3 Bxd3 6. Qxd3 e6 7. O-O c6 8. c4 Nf6 9. Nc3 Be7 10. Re1 O-O 11.
Bg5 Nbd7 12. Rad1 Re8 13. h3 Qc7 14. d5 exd5 15. cxd5 cxd5 16. Nxd5 Nxd5 17. Qxd5 Bxg5 18. Nxg5 Rxe1+ 19. Rxe1 Nf6 20. Qb3 h6 21. Nf3 a6 22.
a3 Re8 23. Rxe8+ Nxe8 24. g3 Nf6 25. Kg2 Qc6 26. Kg1 Qc1+ 27. Kg2 Qc6 28. Qe3 Ne4 29. h4 Qd5 30. Qf4 Nc5 31. b4 Nd3 32. Qe3 h5 33. Kh2 g6 34. Kg1 Qf5 35. Kf1 Qd5 36. Ke2 Nb2 37. Qe8+ Kh7 38. Qe3 Qd1# 0-1

[Event "*** Titled Tuesday Blitz"]
[Site "Chess.com"]
[Date "2019.02.05"]
[Round "6"]
[White "Didici"]
[Black "kintoho"]
[Result "1-0"]
[WhiteElo "2570"]
[BlackElo "2480"]
[TimeControl "180+2"]
[EndTime "14:23:16 PST"]
[Termination "Didici won by resignation"]

1. d4 g6 2. e4 c6 3. Nc3 d5 4. e5 Nh6 5. f4 Qb6 6. Na4 Qa5+ 7. c3 Bg7 8. b4 Qd8 9. a3 O-O 10. Nf3 Bg4 11. h3 Bxf3 12. Qxf3 f6 13. Qd3 fxe5 14. fxe5 a5 15. Nc5 Qc8 16. g4 axb4 17.
cxb4 b6 18. Nb3 Nd7 19. Bg2 e6 20. Be3 Qa6 21. Qxa6 Rxa6 22. a4 Nf7 23. Bf1 Ra7 24. Kd1 Rfa8 25. a5 bxa5 26. bxa5 Rb8 27. Kc2 Rab7 28.
Rb1 c5 29. dxc5 Nfxe5 30. a6 Rc7 31. Be2 Nc4 32. Bxc4 dxc4 33. Na5 Rbc8 34. c6 Ne5 35. a7 Kf7 36. Rb8 Rxa7 37. Bxa7 Rxb8 38. Bxb8 Nd3 39. Bd6 e5 40. c7 1-0

[Event "*** Titled Tuesday Blitz"]
[Site "Chess.com"]
[Date "2019.02.05"]
[Round "6"]
[White "Last7Samurai"]
[Black "dusanacns"]
[Result "0-1"]
[WhiteElo "2688"]
[BlackElo "2616"]
[TimeControl "180+2"]
[EndTime "14:23:17 PST"]
[Termination "dusanacns won on time"]

1. e4 g6 2. d4 Bg7 3. Nc3 d6 4. f4 Nf6 5. a3 O-O 6. Nf3 Nc6 7. d5 Nb8 8. Be2 c6 9. O-O Bg4 10. h3 Bxf3 11. Bxf3 Nfd7 12. Be3 a5 13. Qd2 Na6 14. Rad1 cxd5 15. exd5 Nac5 16. Kh1 a4 17. Rfe1 Qb6 18. Qc1 Qa5 19. Bd4 Rae8 20. Bxg7 Kxg7 21. Qe3 Nf6 22. Rd4 e5 23. dxe6 Rxe6 24. Qf2 d5 25. Rb4 Nce4 26.
Nxe4 dxe4 27. Be2 e3 28. Qf3 Nd5 29. Bc4 Nxb4 30. Bxe6 Nxc2 31. Rd1 fxe6 32. Qxb7+ Rf7 33. Rd7 Qf5 34. Qc6 e2 35. Rxf7+ Qxf7 0-1

[Event "*** Titled Tuesday Blitz"]
[Site "Chess.com"]
[Date "2019.02.05"]
[Round "6"]
[White "TristanCalistri"]
[Black "fm_magua"]
[Result "0-1"]
[WhiteElo "2235"]
[BlackElo "2395"]
[TimeControl "180+2"]
[EndTime "14:23:17 PST"]
[Termination "fm_magua won by resignation"]

1. e4 c5 2. Nf3 Nc6 3. c3 Nf6 4. e5 Nd5 5. Bc4 Nb6 6. Bb3 c4 7. Bc2 Qc7 8. O-O Nxe5 9. Nxe5 Qxe5 10. d4 Qc7 11. Nd2 g6 12. Re1 Bg7 13. Nf3 d6 14. Bg5 Be6 15. Qd2 O-O-O 16. Bxe7 Qxe7 17. d5 Nxd5 18. Qxd5 Bxd5 19. Rxe7 Bf6 20. Re3 Rhe8 21.
Rae1 Re6 22. Be4 Bxe4 23. Rxe4 Rxe4 24. Rxe4 d5 25. Rf4 Rd6 26. g4 h6 27. h4 Rb6 28. g5 hxg5 29. hxg5 Bd8 30. Rxf7 Rxb2 31. Nd4 Bxg5 32. Ne6 Bd2 33. Rc7+ Kb8 34. Rd7 a6 35. Rxd5 Bxc3 36. Rc5 Be1 37. Rxc4 Bxf2+ 38. Kf1 Rxa2 39. Rg4 Be3 40. Rxg6 Rc2 41. Rg3 Bb6 42. Nf4 Rf2+ 0-1

[Event "*** Titled Tuesday Blitz"]
[Site "Chess.com"]
[Date "2019.02.05"]
[Round "6"]
[White "nochewycandy"]
[Black "Indianlad"]
[Result "0-1"]
[WhiteElo "2338"]
[BlackElo "2936"]
[TimeControl "180+2"]
[EndTime "14:23:18 PST"]
[Termination "Indianlad won by resignation"]

1. e4 c5 2. Nf3 d6 3. Bb5+ Nd7 4. O-O Nf6 5. Re1 a6 6. Bd3 e5 7. c3 g5 8. Kh1 g4 9. Ng1 h5 10. Bf1 h4 11. d4 g3 12. fxg3 hxg3 13. h3 b5 14. a4 b4 15. Nd2 exd4 16. cxd4 cxd4 17. Ngf3 Ng4 18. Qb3 Nf2+ 19. Kg1 Bg7 20. Nc4 Nc5 21. Qxb4 O-O 22. Qb6 Qf6 23. Ra3 d3 24. Re3 Ncxe4 25. Bxd3 d5 26. Qxf6 Bxf6 27. Nb6 Bb7 28. Nxa8 Rxa8 29. Nd2 Bd4 30. Bxe4 Nxe4 31. Nxe4 dxe4 32. Kf1 Bxe3 33. Rxe3 f5 34. Rxg3+ Kf7 35. Bd2 Bc6 36. a5 Rd8 37. Bc3 Bb5+ 38. Ke1 Ba4 39. Rg7+ Ke6 40. Ke2 f4 41. Rg6+ Kd5 42. Rxa6 Bb5+ 0-1

[Event "*** Titled Tuesday Blitz"]
[Site "Chess.com"]
[Date "2019.02.05"]
[Round "6"]
[White "hurricane7791"]
[Black "x-5963514717"]
[Result "1-0"]
[WhiteElo "2670"]
[BlackElo "2455"]
[TimeControl "180+2"]
[EndTime "14:23:18 PST"]
[Termination "hurricane7791 won by resignation"]

1. d4 Nf6 2. c4 g6 3. Nc3 d5 4.
Bg5 Bg7 5. e3 c5 6. Nf3 cxd4 7.
exd4 O-O 8. h3 Ne4 9. Be3 Nxc3 10. bxc3 Nc6 11. Be2 e5 12. O-O exd4 13. cxd4 Re8 14. Rc1 Bf5 15. cxd5 Qxd5 16. Bc4 Qd7 17. Ng5 Nd8 18. Qb3 Re7 19. d5 h6 20. Nf3 Be4 21. Nd2 Bf5 22. Rfd1 a6 23. a4 Rc8 24. Bf1 Rxc1 25.
Rxc1 Re5 26. Bc4 h5 27. a5 Qe8 28. Bf1 Bf8 29. Rd1 Re7 30. Nc4 Rd7 31. Nb6 Rc7 32. Nc4 Qb5 33. Qa2 Qb4 34. Bb6 Rc8 35. Qe2 Bd7 36. Bd4 Bg7 37. Bxg7 Kxg7 38. Qe5+ Kg8 39.
Bd3 Ba4 40. Re1 Bb5 41. Nd6 Rc3 42. Bxb5 axb5 43. Qf6 Rc8 44. Re8+ 1-0

[Event "*** Titled Tuesday Blitz"]
[Site "Chess.com"]
[Date "2019.02.05"]
[Round "6"]
[White "Ellaijio_B"]
[Black "DrVelja"]
[Result "0-1"]
[WhiteElo "2636"]
[BlackElo "2642"]
[TimeControl "180+2"]
[EndTime "14:23:19 PST"]
[Termination "DrVelja won by checkmate"]

1. e4 c5 2. Nf3 d6 3. d4 cxd4 4. Nxd4 Nf6 5. Nc3 a6 6. f4 g6 7.
Be3 Bg7 8. Qf3 O-O 9. Bc4 e5 10. fxe5 dxe5 11. Nde2 b5 12. Bb3 Bb7 13. Rd1 Nbd7 14.
O-O Qc7 15. Ng3 Nc5 16. Bg5 Nxb3 17. axb3 Ne8 18. Qg4 f6 19. Be3 Qf7 20. Bc5 f5 21. exf5 Nf6 22. fxg6 hxg6 23. Bxf8 Rxf8 24. Qe2 Qe7 25.
Nce4 Nd5 26. Rxf8+ Qxf8 27. Qf2 Nf4 28. Qc5 Qa8 29. Qe3 Bh6 30. Qf3 Qc8 31. c3 Bg7 32.
Qe3 Qe6 33. Nc5 Qc6 34. Nce4 Qe6 35. b4 Qb3 36. Rd8+ Bf8 37. h3 Qxb2 38. Qd2 Qb1+ 39. Kh2 Bxe4 40. Nxe4 Qxe4 41. Qd6 Qxg2# 0-1

[Event "*** Titled Tuesday Blitz"]
[Site "Chess.com"]
[Date "2019.02.05"]
[Round "6"]
[White "1e41-0"]
[Black "Manukyan_Artak"]
[Result "0-1"]
[WhiteElo "2528"]
[BlackElo "2371"]
[TimeControl "180+2"]
[EndTime "14:23:21 PST"]
[Termination "Manukyan_Artak won by resignation"]

1. d4 Nf6 2. c4 g6 3. Nc3 Bg7 4. e4 O-O 5. Nge2 d6 6. f3 e5 7. dxe5 dxe5 8. Qxd8 Rxd8 9. Nd5 Nxd5 10. cxd5 c6 11. Nc3 cxd5 12. Nxd5 Nc6 13. Bg5 Rd6 14. Rc1 Be6 15. Nc7 Rc8 16. Nxe6 Rxe6 17. Bc4 Rd6 18. Bd5 Bf6 19. Be3 a6 20. Ke2 Nd4+ 21.
Bxd4 Rxc1 22. Rxc1 exd4 23. Rc7 b5 24. Rxf7 d3+ 25. Kd1 Kh8 26. b3 Bc3 27. a3 a5 28.
Rc7 b4 29. a4 g5 30. Rc5 g4 31.
f4 Rh6 32. Rc8+ Kg7 33. Rg8+ Kf6 34. e5+ Ke7 35. Rg7+ Kf8 36. Rg8+ Ke7 37. Be4 Rxh2 38. Bxd3 Rxg2 39. Bxh7 g3 40. Be4 Rd2+ 41. Kc1 Rf2 42.
Rg7+ Kf8 43. Rxg3 Rxf4 44. Bd3 Bxe5 45. Rg5 Bc7 46. Rc5 Bd8 47. Kd2 Rd4 48. Ke3 Rd6 49. Bc4 Bb6 0-1

[Event "*** Titled Tuesday Blitz"]
[Site "Chess.com"]
[Date "2019.02.05"]
[Round "6"]
[White "kleinebeer98"]
[Black "Shant_Sargsyan"]
[Result "1-0"]
[WhiteElo "2722"]
[BlackElo "2806"]
[TimeControl "180+2"]
[EndTime "14:23:22 PST"]
[Termination "kleinebeer98 won by checkmate"]

1. e4 e5 2. Nf3 Nc6 3. d4 exd4 4. Nxd4 Bc5 5. Be3 Qf6 6. c3 Nge7 7. Bb5 O-O 8. O-O d6 9. Kh1 Bb6 10. f4 Nxd4 11. cxd4 d5 12. e5 Qg6 13. Bd3 Bf5 14. Bxf5 Nxf5 15. Bf2 h5 16. Nc3 c6 17. b4 Qg4 18.
Qd3 Qg6 19. Qd2 f6 20. b5 Kh7 21. bxc6 bxc6 22. Rac1 fxe5 23. dxe5 Rab8 24. Na4 Bxf2 25. Qxf2 Rb4 26. Nc5 h4 27. Qd2 Rd4 28. Qe1 Qh6 29. Kg1 Rxf4 30. Rxf4 Qxf4 31. Ne6 Qg4 32. Nxf8+ Kg8 33.
Ne6 h3 34. Qf2 Kh7 35. g3 Nh4 36. Qf4 Nf3+ 37. Kf2 Nxh2 38. Ng5+ Kg6 39. Rxc6+ Kh5 40. Qf7+ Kxg5 41. Qg6# 1-0

[Event "*** Titled Tuesday Blitz"]
[Site "Chess.com"]
[Date "2019.02.05"]
[Round "6"]
[White "kacprekt"]
[Black "KlyashtornyVladislav"]
[Result "1-0"]
[WhiteElo "2312"]
[BlackElo "2197"]
[TimeControl "180+2"]
[EndTime "14:23:22 PST"]
[Termination "kacprekt won on time"]

1. d4 d5 2. c4 e6 3. Nc3 Nf6 4. cxd5 exd5 5. Bg5 Be7 6. e3 c6 7. Bd3 Nbd7 8. Qc2 Nf8 9. Nf3 h6 10. Bh4 Ne6 11. h3 Nh5 12. Bxe7 Qxe7 13. O-O Nf6 14. Rae1 O-O 15. Ne5 Rd8 16. f4 Nf8 17. g4 N6d7 18. e4 Nxe5 19. fxe5 dxe4 20. Nxe4 Rxd4 21. Nd6 Be6 22.
Bf5 Bd5 23. Qf2 Rb4 24. Qd2 a5 25. Bb1 Qh4 26. Re3 h5 27. Nf5 Qg5 28. a3 Rb6 29.
Qd4 Rb5 30. Rg3 1-0

[Event "*** Titled Tuesday Blitz"]
[Site "Chess.com"]
[Date "2019.02.05"]
[Round "6"]
[White "Lagravesamuell"]
[Black "Kirill_Klukin"]
[Result "1-0"]
[WhiteElo "2486"]
[BlackElo "2622"]
[TimeControl "180+2"]
[EndTime "14:23:26 PST"]
[Termination "Lagravesamuell won by resignation"]

1. d4 Nf6 2. c4 Nc6 3. Nf3 e6 4. a3 g6 5. Nc3 Bg7 6. g3 O-O 7. Bg2 d6 8. O-O e5 9. e3 Bf5 10. d5 Ne7 11. Nh4 Bd7 12. b4 a5 13. Bb2 c6 14. dxc6 Bxc6 15. e4 b6 16. Nd5 Bb7 17. f4 Nfxd5 18. exd5 exf4 19. Bxg7 Kxg7 20. Rxf4 Qd7 21. Qd4+ Kg8 22. Raf1 axb4 23. axb4 Ra4 24.
Qb2 b5 25. Nf3 h6 26. Rh4 Nf5 27. Bh3 h5 28. Nd4 Qe7 29. Bxf5 Qe3+ 30. Rf2 bxc4 31. Bd7 c3 32. Qe2 Ra1+ 33. Kg2 Qxd4 34. Rxd4 1-0

[Event "*** Titled Tuesday Blitz"]
[Site "Chess.com"]
[Date "2019.02.05"]
[Round "6"]
[White "BasilSmash"]
[Black "BvsN"]
[Result "1-0"]
[WhiteElo "2359"]
[BlackElo "2304"]
[TimeControl "180+2"]
[EndTime "14:23:27 PST"]
[Termination "BasilSmash won by checkmate"]

1. e4 c5 2. Nf3 e6 3. d4 cxd4 4. Nxd4 a6 5. c4 Nf6 6. Nc3 Qc7 7. a3 b6 8. Be2 Bb7 9. f3 d6 10. Be3 Be7 11. O-O O-O 12. Qd2 Nbd7 13. Rac1 Rac8 14.
b4 Qb8 15. Rfd1 Rfe8 16. Kh1 Bd8 17. Nb3 Bc7 18. Bg1 h5 19. Na4 h4 20. c5 bxc5 21.
bxc5 Bc6 22. Nb6 Nxb6 23. cxb6 Bxb6 24. Bxa6 Bxg1 25. Bxc8 Rxc8 26. Na5 Bxe4 27. Rxg1 Bd5 28. h3 Nh5 29. Rxc8+ Qxc8 30. Rc1 Ng3+ 31. Kh2 Qa6 32. Qg5 Nf1+ 33. Kg1 Qxa5 34. Rc8+ Kh7 35. Qh5# 1-0

[Event "*** Titled Tuesday Blitz"]
[Site "Chess.com"]
[Date "2019.02.05"]
[Round "6"]
[White "CzechmVIII"]
[Black "wanyaland"]
[Result "0-1"]
[WhiteElo "2108"]
[BlackElo "2105"]
[TimeControl "180+2"]
[EndTime "14:23:27 PST"]
[Termination "wanyaland won on time"]

1. e4 c5 2. Nf3 d6 3. d4 cxd4 4. Nxd4 Nf6 5. Nc3 a6 6. Bg5 e6 7. f4 Qb6 8. Qd2 Qxb2 9. Nb3 Qa3 10. Bxf6 gxf6 11. Be2 Nc6 12. O-O Be7 13. Kh1 h5 14.
Qe3 Bd7 15. Nb1 Qa4 16. c4 Nb4 17. Nc3 Qc6 18. Rac1 Qc7 19. Rfd1 h4 20. h3 Nc6 21. Bf3 O-O-O 22. Nd5 exd5 23. cxd5 Kb8 24. dxc6 Bxc6 25. Nd4 Rhg8 26. Nxc6+ bxc6 27. Rb1+ Ka8 28. Rb6 Qa7 29. Rdb1 Rb8 30. e5 d5 31. Qd4 Rxb6 32. Rxb6 Rb8 33. Rxb8+ Kxb8 34. Qb2+ Kc7 35. exf6 Bd6 36. Qe2 Qd4 37.
g4 hxg3 38. Kg2 Qxf6 39. Qxa6 Qxf4 40. Qa7+ Kd8 41. Qa8+ Kd7 42. Qb7+ Bc7 0-1

[Event "*** Titled Tuesday Blitz"]
[Site "Chess.com"]
[Date "2019.02.05"]
[Round "6"]
[White "RoelandPruijssers"]
[Black "pKiLz5Rn9b"]
[Result "1/2-1/2"]
[WhiteElo "2527"]
[BlackElo "2732"]
[TimeControl "180+2"]
[EndTime "14:23:29 PST"]
[Termination "Game drawn by agreement"]

1. d4 Nf6 2. c4 e6 3. Nf3 d5 4. Nc3 c6 5. cxd5 exd5 6. Qc2 g6 7.
Bg5 Be7 8. e3 Bf5 9. Bd3 Bxd3 10. Qxd3 Nbd7 11. O-O O-O 12. h3 Re8 13. Rab1 a5 14.
Rfc1 Ne4 15. Bf4 f5 16. Ne5 Bd6 17. Nxd7 Bxf4 18. exf4 Qxd7 19. Re1 Qd6 20. g3 Qb4 21. Re2 Re7 22. Rbe1 Rae8 23. a3 Qd6 24. Kg2 h5 25.
f3 Nxc3 26. Rxe7 Rxe7 27. Qxc3 Rxe1 28. Qxe1 a4 29. Qe8+ Kg7 30. h4 Qf6 31. Qe5 Kf7 32. Kf2 Qd8 33. Ke2 Qb6 34. Kd1 Qxb2 35. Qc7+ Ke6 36.
Qc8+ Ke7 37. Qc7+ Ke8 38. Qc8+ Kf7 39. Qd7+ Kf6 40. Qd6+ Kf7 41. Qd7+ Kg8 42. Qe8+ Kg7 43. Qe7+ Kg8 44. Qe8+ Kh7 45. Qf7+ Kh8 46. Qf8+ Kh7 1/2-1/2

[Event "*** Titled Tuesday Blitz"]
[Site "Chess.com"]
[Date "2019.02.05"]
[Round "6"]
[White "nocnypako"]
[Black "Walter_White_Poland"]
[Result "0-1"]
[WhiteElo "2266"]
[BlackElo "2155"]
[TimeControl "180+2"]
[EndTime "14:23:31 PST"]
[Termination "Walter_White_Poland won by resignation"]

1. d4 Nf6 2. c4 c5 3. d5 e6 4.
Nc3 exd5 5. cxd5 d6 6. e4 g6 7.
f4 Bg7 8. Bb5+ Nfd7 9. a4 Qh4+ 10. g3 Qe7 11. Nf3 O-O 12. O-O Na6 13. Re1 Nb4 14. Bf1 f6 15. Be3 Qf7 16. Bf2 b6 17. Nb5 Qe7 18.
Nc7 Rb8 19. Ne6 Re8 20. f5 Ne5 21. Nxe5 fxe5 22. g4 Bxe6 23. dxe6 gxf5 24. gxf5 Kh8 25. Kh1 Rg8 26. Qd2 Bf6 27. Rad1 Rbd8 28. Bh3 Bh4 29.
Rg1 c4 30. Qh6 Bf6 31. Be3 Nd3 32. b3 Rxg1+ 33. Bxg1 Bg5 34. f6 Bxf6 35. bxc4 Nf4 0-1

[Event "*** Titled Tuesday Blitz"]
[Site "Chess.com"]
[Date "2019.02.05"]
[Round "6"]
[White "FMJoseHerrera"]
[Black "Korchmar_Vasiliy"]
[Result "0-1"]
[WhiteElo "2566"]
[BlackElo "2759"]
[TimeControl "180+2"]
[EndTime "14:23:32 PST"]
[Termination "Korchmar_Vasiliy won by resignation"]

1. Nf3 c5 2. g3 Nc6 3. Bg2 g6 4. h4 h6 5. d3 Bg7 6. Nc3 e6 7. e4 Nge7 8. Be3 b6 9. Qd2 d5 10. exd5 exd5 11. d4 Bg4 12. Ne2 Nf5 13. dxc5 O-O 14.
O-O Nxe3 15. Qxe3 Re8 16. Qd2 bxc5 17. Nf4 d4 18. Nh2 Bd7 19. Rfe1 Qb6 20. b3 Rad8 21.
Rxe8+ Rxe8 22. Re1 Rd8 23. h5 g5 24. Nd5 Qa6 25.
f4 g4 26. f5 Bxf5 27. Qf4 Qc8 28. Rf1 Be6 29. Be4 Rxd5 30. Bxd5 Bxd5 31. Nxg4 Qe6 32. a4 Ne5 33. Nf2 Nf3+ 34. Kh1 Nd2+ 35. Kg1 Nxf1 36. Kxf1 c4 37. Qb8+ Bf8 38. Qf4 cxb3 39.
cxb3 Bxb3 40. Qxd4 Qc4+ 41. Qxc4 Bxc4+ 42. Ke1 Bb4+ 43. Kd1 Bb3+ 44. Kc1 Bxa4 45. Ne4 Kg7 46. g4 Bc6 47. Ng3 Bd7 0-1